 Dungeon Crawl Stone Soup version 0.30-a0-964-gd452b5e7fa (webtiles) character file.

Game seed: 17529343324840417880

1342 BlueFish the Sneak (level 8, 0/78 HPs)
             Began as an Octopode Warper on Mar 30, 2023.
             Slain by a gnoll
             ... wielding a +0 halberd
             ... led by a gnoll bouda
              (12 damage)
             ... on level 5 of the Dungeon.
             The game lasted 00:13:49 (5067 turns).

BlueFish the Sneak (Octopode Warper)                Turns: 5067, Time: 00:13:50

Health: 0/78       AC:  3    Str: 12    XL:     8   Next: 62%
Magic:  11/13      EV: 14    Int: 16    God:
Gold:   375        SH:  0    Dex: 11    Spells: 2/13 levels left

rFire   . . .      SeeInvis .      - Unarmed
rCold   . . .      Faith    .    (no shield)
rNeg    . . .      Spirit   .    k - +2 hat
rPois   .          Reflect  .    (no amulet)
rElec   .          Rampage  .    (no ring)
rCorr   .                        (no ring)
Will    .....                    (no ring) Stlth
                                 (no ring)
HPRegen 0.33/turn                (no ring)
MPRegen 0.13/turn                (no ring)
                                 (no ring)
                                 (no ring)

@: berserking, on blink cooldown, hasted, very quick
A: almost no armour, amphibious, 8 rings, camouflage 1, gelatinous body 1,
(nimble swimmer 1), tentacles
a: no special abilities


You were on level 5 of the Dungeon.
You visited 1 branch of the dungeon, and saw 6 of its levels.

You collected 375 gold pieces.

Inventory:

Missiles
 b - 9 boomerangs of dispersal
 h - 44 stones (quivered)
 u - 4 poisoned darts
 w - a boomerang
 x - 4 javelins
Armour
 k - a +2 hat (worn)
Jewellery
 i - an amulet of faith
 o - an amulet of the acrobat
Wands
 p - a wand of iceblast (4)
 t - a wand of quicksilver (4)
Scrolls
 a - a scroll of blinking
 c - 2 scrolls of immolation
 e - a scroll of poison
 m - a scroll of enchant armour
 n - a scroll of fear
 q - a scroll of noise
 v - 2 scrolls of teleportation
 y - a scroll of fog
Potions
 f - a potion of mutation {unknown}
 g - 4 potions of berserk rage
 j - 2 potions of curing
 l - 2 potions of brilliance {unknown}
 r - 2 potions of haste
 s - a potion of resistance {unknown}
 z - a potion of magic {unknown}


   Skills:
 + Level 3.5 Fighting
 + Level 3.0 Throwing
 + Level 3.9 Dodging
 * Level 6.1 Stealth
 + Level 3.6 Unarmed Combat
 + Level 3.3 Spellcasting
 + Level 4.1 Translocations
 + Level 3.4 Transmutations
 * Level 3.2 Poison Magic
 + Level 2.1 Evocations


You had 2 spell levels left.
You knew the following spells:

 Your Spells              Type           Power      Damage    Failure   Level
a - Spider Form           Tmut/Pois      13%        N/A       14%         3
b - Lesser Beckoning      Tloc           30%        N/A       4%          2
c - Blink                 Tloc           30%        N/A       4%          2
d - Teleport Other        Tloc           15%        N/A       10%         3
e - Beastly Appendage     Tmut           26%        N/A       4%          1

Your spell library contained the following spells:

 Spells                   Type           Power      Damage    Failure   Level
 Wereblood                Tmut           13%        N/A       6%          2
 Magic Dart               Conj           8%         1d3       19%         1
 Necrotise                Necr           8%         1d4       19%         1
 Call Imp                 Summ           2%         N/A       26%         2
 Static Discharge         Conj/Air       4%         2-3/arc   26%         2
 Vhi's Electric Charge    Tloc/Air       18%        N/A       24%         3
 Manifold Assault         Tloc           15%        N/A       32%         4
 Mephitic Cloud           Conj/Pois/Air  6%         N/A       34%         3
 Vampiric Draining        Necr           2%         2d6       47%         3
 Agony                    Necr           2%         N/A       99%         5
 Arcjolt                  Conj/Air       1%         1d11      99%         5
 Plasma Beam              Fire/Air       1%         2x1d8     99%         5


Dungeon Overview and Level Annotations

Branches:
Dungeon (6/15)
 Temple: D:4-7

Altars:
Dithmenos
Kikubaaqudgha
Uskayaw
Xom
The Shining One

Shops:
D:3 :

Annotations:
D:6 Maggie


Innate Abilities, Weirdness & Mutations

You cannot wear most types of armour.
You are amphibious.
You can wear up to eight rings at the same time.
Your skin changes colour to match your surroundings (Stealth+).
Your rubbery body absorbs attacks. (AC +1, EV +1)
((You are camouflaged when in or above water. (Stealth+)))
You have tentacles for arms and can constrict up to eight enemies at once.


Message History

The gnoll bouda looks as sick as possible!
The gnoll bouda is almost dead.
* * * LOW HITPOINT WARNING * * *
You feel extremely sick.
You kill the gnoll bouda!
It was a potion of curing.
You feel better.
Your attacks no longer feel as feeble.
A gnoll comes into view. It is wielding a +0 halberd.
The iguana closely misses you.
The gnoll hits you from afar with a +0 spear.
* * * LOW HITPOINT WARNING * * *
It was a potion of haste.
You feel yourself speed up. The iguana closely misses you.
The gnoll completely misses you.
You hit the iguana but do no damage. The iguana closely misses you.
You hit the iguana but do no damage.
The iguana is poisoned.
The gnoll closely misses you.
You barely miss the iguana. The iguana bites you.
* * * LOW HITPOINT WARNING * * *
The gnoll closely misses you.
Okay, then.
Casting: Spider Form (dangerous; 32% risk of failure)
Confirm with . or Enter, or press ? or * to list all spells.
Okay, then.
Unknown command.
Casting: Spider Form (dangerous; 32% risk of failure)
Confirm with . or Enter, or press ? or * to list all spells.
You blink.
The gnoll completely misses you.
Your transformation has ended.
Your +2 hat unmelds from your body.
The gnoll closely misses you. The gnoll misses you.
You climb upwards.
There is a stone staircase leading down here.
You tentacle-slap the gnoll. Your grab misses the gnoll.
Your tentacle-slap misses the gnoll.
You squeeze the gnoll, but do no damage.
The gnoll is lightly wounded.
A red film seems to cover your vision as you go berserk!
You feel yourself moving faster!
You feel mighty! The gnoll hits you with a +0 halberd!
You die...

##.#.#####.###...#######.####..##
#...........##...##.####.####..##
............#.............#.[....
............#.............#......
............#.............'......
######..##..###....########....##
...###..##..###....###..###....##
.................................
......).........@g...............
.................................
..###...########...##...###...##.
#####...##...########...###...###
........#.......>................
........#........................
....[...#........................
........+........................
........#........................


You could see a gnoll (swift).

Vanquished Creatures
  Menkaure (D:5)
  An acid dragon (D:5)
  A water moccasin (D:4)
  An ogre (D:5)
  A phantom (D:5)
  A bullfrog (D:5)
  A scorpion (D:5)
  A wight (D:5)
  A jelly (D:5)
  3 hounds
  A gnoll bouda (D:6)
  An orc priest (D:4)
  5 iguanas
  2 orc wizards
  Natasha (thrice) (D:2)
  Terence (D:2)
  6 gnolls
  7 adders
  2 shadow imps
  A dart slug (D:3)
  18 orcs
  5 ball pythons
  2 endoplasms (D:4)
  2 giant cockroaches
  4 hobgoblins
  6 jackals (D:3)
  6 bats
  2 frilled lizards (D:2)
  2 goblins
  3 kobolds
  7 rats
98 creatures vanquished.

Vanquished Creatures (others)
  A human (D:3)
1 creature vanquished.

Grand Total: 99 creatures vanquished

Notes
Turn   | Place    | Note
-------+----------+-------------------------------------------
     0 | D:1      | BlueFish the Octopode Warper began the quest for the Orb.
     0 | D:1      | Reached XP level 1. HP: 14/14 MP: 3/3
   651 | D:1      | Reached skill level 1 in Stealth
   789 | D:1      | Reached XP level 2. HP: 10/19 MP: 5/5
   792 | D:1      | Learned a level 2 spell: Blink
   795 | D:1      | Learned a level 2 spell: Lesser Beckoning
   894 | D:2      | Noticed Terence
   901 | D:2      | Learned a level 1 spell: Beastly Appendage
   916 | D:2      | Killed Terence
   917 | D:2      | Reached XP level 3. HP: 5/24 MP: 3/6
  1071 | D:2      | Noticed Natasha
  1082 | D:2      | Killed Natasha
  1083 | D:2      | Reached skill level 2 in Stealth
  1083 | D:2      | Reached skill level 1 in Transmutations
  1083 | D:2      | Reached XP level 4. HP: 29/29 MP: 5/7
  1301 | D:2      | Noticed Natasha
  1308 | D:2      | Killed Natasha
  1475 | D:2      | Noticed Natasha
  1483 | D:2      | Killed Natasha
  1484 | D:2      | Reached XP level 5. HP: 35/35 MP: 6/8
  1490 | D:2      | Learned a level 3 spell: Teleport Other
  1544 | D:2      | Found the +1 Delatra's gloves {ID++}
  1580 | D:2      | Reached skill level 3 in Stealth
  1728 | D:3      | Found a glowing golden altar of the Shining One.
  2059 | D:3      | Found Zilaorpho's Book Shoppe.
  2228 | D:3      | Found an ancient bone altar of Kikubaaqudgha.
  2233 | D:3      | Noticed a human
  2235 | D:3      | Killed a human
  2393 | D:4      | Reached XP level 6. HP: 40/41 MP: 7/9
  2557 | D:4      | Noticed a water moccasin
  2567 | D:4      | Killed a water moccasin
  2568 | D:4      | Reached skill level 4 in Stealth
  2992 | D:5      | Entered Level 5 of the Dungeon
  3010 | D:5      | Reached XP level 7. HP: 45/45 MP: 9/11
  3014 | D:5      | Learned a level 3 spell: Spider Form
  3036 | D:5      | Found a shadowy altar of Dithmenos.
  3313 | D:5      | Found a shimmering altar of Xom.
  3384 | D:5      | Reached skill level 1 in Poison Magic
  3754 | D:5      | Noticed a +0 hand axe
  3754 | D:5      | Noticed a +0 hand axe
  3762 | D:5      | Found a hide-covered altar of Uskayaw.
  3834 | D:5      | Reached skill level 5 in Stealth
  3971 | D:5      | Reached skill level 1 in Evocations
  4147 | D:5      | Noticed Menkaure
  4158 | D:5      | Killed Menkaure
  4159 | D:5      | Reached XP level 8. HP: 43/52 MP: 10/12
  4634 | D:6      | Noticed Maggie
  5021 | D:5      | Reached skill level 6 in Stealth
  5067 | D:5      | Slain by a gnoll

Illustrated notes

Levels and vault maps discovered:
D:1:      minmay_arrival_semitransparent, layout_loops_corners, st_stairs_13
D:2:      layout_rooms, serial_forest, infiniplex_forest_clump_small,
          infiniplex_forest_diagonal, infiniplex_forest_lined_room_3,
          infiniplex_forest_lined_2, infiniplex_forest_clump_tiny,
          pf_guarded_unrand_delatra, uniq_natasha, uniq_terence
D:3:      layout_basic, tso_altar, tgw_kikubaaqudgha, serial_shops, shop_statue
D:4:      layout_rooms
D:5:      layout_gridville, mainiacjoe_overflow_alcove_2,
          mainiacjoe_overflow_brackets, dancing_weapons_uskayaw, uniq_menkaure
D:6:      layout_basic, serial_shops, nicolae_square_shop, uniq_maggie

Skill      XL: |  1  2  3  4  5  6  7  8 |
---------------+-------------------------+-----
Stealth        | 1 2 3 4 5 6 |  6.1
Transmutations | 1 2 3 |  3.4
Dodging        | 3 |  3.9
Throwing       | 2 3 |  3.0
Poison Magic   | 2 3 |  3.2
Fighting       | 3 |  3.5
Unarmed Combat | 3 |  3.6
Spellcasting   | 3 |  3.3
Evocations     | 1 2 |  2.1
Translocations | 4 |  4.1

Action                     |  1- 3 |  4- 6 |  7- 9 || total
---------------------------+-------+-------+-------++-------
  Melee: Unarmed           |    33 |   120 |   142 ||   295
         Tentacles         |     8 |    23 |    17 ||    48
         Constrict         |     8 |    36 |    13 ||    57
         Kick              |     9 |    30 |    25 ||    64
         Punch             |     1 |     2 |     2 ||     5
  Throw: Stone             |       |     1 |     3 ||     4
         Boomerang         |       |       |     6 ||     6
         Dart              |       |       |     4 ||     4
   Cast: Beastly Appendage |     2 |    20 |    17 ||    39
         Blink             |     1 |     1 |     3 ||     5
         Spider Form       |       |       |    13 ||    13
  Evoke: Wand              |       |     2 |       ||     2
    Use: Scroll            |       |       |     8 ||     8
         Potion            |       |       |     4 ||     4
   Stab: Sleeping          |     3 |     6 |     1 ||    10
 Armour: Skin              |       |    18 |     6 ||    24
  Dodge: Dodged            |    17 |    88 |   110 ||   215

Table legend: (Time is in decaauts)
 A = Elapsed time spent in this place.
 B = Non-inter-level travel time spent in this place.
 C = Inter-level travel time spent in this place.
 D = Time resting spent in this place.
 E = Time spent auto-exploring this place.
 F = Levels seen in this place.
 G = Mean time per level.
                   A        B        C        D        E       F      G
               +--------+--------+--------+--------+--------+-----+--------+
         Total |   5062 |   4876 |    186 |    103 |   3753 |   6 |  843.7 |
       Dungeon |   5062 |   4876 |    186 |    103 |   3753 |   6 |  843.7 |
               +--------+--------+--------+--------+--------+-----+--------+

Top non-repeatable levels by time:
     D:5: 1797 daAuts
     D:1: 892 daAuts
     D:2: 820 daAuts
     D:4: 679 daAuts
     D:3: 607 daAuts
     D:6: 265 daAuts
